 Dungeon Crawl Stone Soup version 0.31-a0-881-ge136f0c47a (webtiles) character file.

Game seed: 17423111111848204827

1024 Shayle the Ruffian (level 8, -7/61 HPs)
             Began as a Human Shapeshifter on Oct 14, 2023.
             Mangled by a gnoll
             ... wielding a +0 flail
             ... led by a gnoll bouda
              (10 damage)
             ... on level 5 of the Dungeon on Oct 15, 2023.
             The game lasted 00:13:49 (5567 turns).

Shayle the Ruffian (Human Shapeshifter)             Turns: 5567, Time: 00:13:51

Health: -7/61      AC:  5    Str: 14    XL:     8   Next: 46%
Magic:  8/8        EV: 10    Int: 14    God:
Gold:   281        SH:  7    Dex: 12    Spells: 7/7 levels left

rFire   . . .        r - +2 dagger (venom)
rCold   . . .        k - +0 kite shield
rNeg    . . .        p - +0 ring mail
rPois   .            (helmet currently unavailable)
rElec   .            (cloak currently unavailable)
rCorr   .            (gloves currently unavailable)
SInv    .            (boots currently unavailable)
Will    .....        (no amulet)
Stlth   +            (no ring)
HPRegen 0.30/turn    (no ring)
MPRegen 0.11/turn

%: no passive effects
@: beast-form
A: beast (slay +2)
a: Begin Untransformation


You were on level 5 of the Dungeon.
You were a hulking beast.
You visited 1 branch of the dungeon, and saw 7 of its levels.

You collected 281 gold pieces.

Inventory:

Hand Weapons
 r - a +2 dagger of venom (weapon)
Armour
 a - a +0 animal skin
 h - a +2 pair of gloves
 k - a +0 kite shield (worn)
 p - a +0 ring mail (worn)
 z - the +2 ratskin cloak {*Rats rPois rN+ Str-1 Int-1 Dex+1}
   (You found it on level 6 of the Dungeon)

   *Rats:     When the wearer is hurt, rats may emerge from it to assist them.
   Str-1:     It affects your strength (-1).
   Int-1:     It affects your intelligence (-1).
   Dex+1:     It affects your dexterity (+1).
   rPois:     It protects you from poison rN+: It protects you from negative
   energy.
Jewellery
 g - a ring of ice
 j - a ring of wizardry
Talismans
 c - a beast talisman (active)
 d - a flux talisman
Scrolls
 e - a scroll of fog {unknown}
 i - a scroll of silence {unknown}
 m - a scroll of teleportation
 o - a scroll of enchant armour
 s - a scroll of poison
 t - 2 scrolls of vulnerability
 y - a scroll of immolation {unknown}
 A - a scroll of noise {unknown}
Potions
 b - 2 potions of lignification
 l - 2 potions of resistance
 n - a potion of brilliance
 q - a potion of enlightenment
 u - a potion of degeneration
 w - a potion of might
 x - a potion of attraction


   Skills:
 + Level 4.5 Fighting
 + Level 5.0 Dodging
 + Level 5.4 Unarmed Combat
 + Level 5.1 Shapeshifting


You had 7 spell levels left.
You didn't know any spells.
Your spell library contained the following spells:

 Spells                   Type           Power      Damage    Failure   Level
 Magic Dart               Conj           0%         1d3       93%         1
 Call Imp                 Summ           0%         N/A       98%         2
 Ensorcelled Hibernation  Hex/Ice        0%         N/A       98%         2
 Passwall                 Tmut/Erth      0%         N/A       98%         2
 Static Discharge         Conj/Air       0%         2-2/arc   98%         2
 Dazzling Flash           Conj/Hex       0%         N/A       100%        3
 Mephitic Cloud           Conj/Pois/Air  0%         N/A       100%        3
 Swiftness                Air            0%         N/A       100%        3
 Airstrike                Air            0%         2d(0-16)  100%        4
 Summon Lightning Spire   Summ/Air       0%         N/A       100%        4
 Agony                    Necr           0%         N/A       100%        5
 Silence                  Hex/Air        0%         N/A       100%        5


Dungeon Overview and Level Annotations

Branches:
Dungeon (7/15)
 Temple: D:4-7

Altars:
Qazlal

Shops:
D:5 :


Message History

The gnoll hits you but does no damage.
You hit the gnoll bouda but do no damage.
The gnoll bouda looks as sick as possible!
The gnoll bouda is almost dead.
The gnoll hits you with a +0 flail.
* * * LOW HITPOINT WARNING * * *
The gnoll bouda hits you but does no damage.
The gnoll hits you with a +0 flail.
* * * LOW HITPOINT WARNING * * *
You block the gnoll's attack.
As you read the scroll of fear, it crumbles to dust.
You assume a fearsome visage.
The gnoll bouda looks frightened!
The gnoll looks frightened! x2
You kill the gnoll bouda!
The gnoll is no longer moving quickly.
Okay, then.
You aren't carrying any items that you can evoke.
Unknown command.
You start resting.
A gnoll is nearby!
Your transformation is almost over.
The gnoll seems to regain its courage.
You barely miss the gnoll. The gnoll hits you with a +0 flail.
* * * LOW HITPOINT WARNING * * *
You hit the gnoll but do no damage. The gnoll hits you but does no damage.
You hit the gnoll but do no damage.
The gnoll is poisoned.
The gnoll hits you but does no damage. You block the gnoll's attack.
You hit the gnoll but do no damage.
The gnoll looks even sicker.
The gnoll hits you but does no damage. The gnoll hits you with a +0 flail.
* * * LOW HITPOINT WARNING * * *
The gnoll hits you with a +0 flail!
* * * LOW HITPOINT WARNING * * *
Unknown command.
You closely miss the gnoll.
You feel less wooden.
Your +0 ring mail unmelds from your body.
You turn into a hulking beast.
The gnoll hits you with a +0 flail.
* * * LOW HITPOINT WARNING * * *
The gnoll hits you with a +0 flail!
You die...

#...........
#..........#
#..!.......#
##..........#
..........(.#
............#
..........).#
#..........####...
#.....∩...h)..'...
######...gg).##...
#....>.........
#.....#.....##...
#.....#.....# ..
#.....#.....# .
#.....#.....#
#####.#†....#
.♣+♣♣♣+♣
##.#))...#
........


You could see 2 gnolls.

Vanquished Creatures
  A water moccasin (D:5)
  A sky beast (D:6)
  A black bear (D:6)
  A bullfrog (D:6)
  3 scorpions
  A gnoll bouda (D:5)
  2 orc priests
  3 hounds
  A sleepcap (D:3)
  2 iguanas
  8 adders
  5 gnolls
  A shadow imp (D:6)
  2 ufetubi (D:5)
  9 orcs
  9 endoplasms
  5 giant cockroaches
  8 goblins
  5 hobgoblins
  8 jackals
  5 kobolds
  4 quokkas
  10 ball pythons
  5 bats
  3 frilled lizards
  5 rats
108 creatures vanquished.

Notes
Turn   | Place    | Note
-------+----------+-------------------------------------------
     0 | D:1      | Shayle the Human Shapeshifter began the quest for the Orb.
     0 | D:1      | Reached XP level 1. HP: 15/15 MP: 1/1
   260 | D:1      | Reached XP level 2. HP: 21/21 MP: 2/2
   643 | D:1      | Reached XP level 3. HP: 26/26 MP: 3/3
  1810 | D:2      | Reached XP level 4. HP: 26/33 MP: 4/4
  2382 | D:4      | Noticed a scorpion
  2403 | D:4      | Killed a scorpion
  2404 | D:4      | Reached XP level 5. HP: 24/39 MP: 5/5
  2873 | D:4      | Reached XP level 6. HP: 36/46 MP: 6/6
  3937 | D:5      | Entered Level 5 of the Dungeon
  4154 | D:5      | Upgraded the game from 0.31-a0-876-gfe8ebadbca to
                  | 0.31-a0-881-ge136f0c47a
  4298 | D:6      | Found a stormy altar of Qazlal.
  4298 | D:6      | Noticed a sky beast
  4310 | D:7      | Reached XP level 7. HP: 46/52 MP: 7/7
  4397 | D:6      | Found the +2 ratskin cloak {*Rats rPois rN+ Str-1 Int-1
                  | Dex+1}
  4890 | D:6      | Reached skill level 5 in Unarmed Combat
  5017 | D:6      | Reached XP level 8. HP: 41/60 MP: 8/8
  5375 | D:5      | Found Omath's Book Shop.
  5442 | D:5      | Reached skill level 5 in Shapeshifting
  5461 | D:5      | Reached skill level 5 in Dodging
  5567 | D:5      | HP: 3/61 [gnoll/+0 flail[a gnoll bouda] (3)]
  5567 | D:5      | Mangled by a gnoll

Illustrated notes

Levels and vault maps discovered:
D:1:      minmay_arrival_doors, layout_loops_ring, serial_co_window_serial,
          co_window_paths_b, co_window_paths_b, co_window_paths_b,
          co_window_corner_a, co_window_paths_a, co_window_broadway_b,
          co_window_2corner, co_window_unsneaky_path_e, co_window_4corner_a,
          co_window_4corner_b, glass_columns_c, glass_columns_a,
          glass_columns_a, minmay_misc_feat_enclosed
D:2:      layout_rooms, kennysheep_crisscross
D:3:      layout_rooms
D:4:      layout_basic
D:5:      minmay_bubble_buster, layout_basic,
          mainiacjoe_overflow_six_doors_small, serial_shops, shop
D:6:      layout_loops_ring, nicolae_qazlal_beasts_of_the_sky
D:7:      minmay_thinvault, layout_cave_pools, trog_wizard,
          minmay_temple_entry_poolview, gammafunk_ghost_berserking_beasts,
          serial_shops, nicolae_shop_back_alley_shop,
          nicolae_shop_national_dungeon_mall, kb_lookout_dungeons_type,
          supply_closet_lemuel, nicolae_figureground_sparkle

Skill      XL: |  1  2  3  4  5  6  7  8 |
---------------+-------------------------+-----
Fighting       | 2 3 4 |  4.5
Dodging        | 3 4 5 |  5.0
Unarmed Combat | 4 5 |  5.4
Shapeshifting  | 4 5 |  5.1

Action                     |  1- 3 |  4- 6 |  7- 9 || total
---------------------------+-------+-------+-------++-------
  Melee: Unarmed           |   103 |    82 |       ||   185
         Punch             |     1 |       |       ||     1
         Dagger            |       |    71 |    93 ||   164
    Use: Potion            |       |     1 |     2 ||     3
         Scroll            |       |     6 |     9 ||    15
   Stab: Sleeping          |     2 |       |       ||     2
 Armour: Animal skin       |    36 |    33 |       ||    69
         Skin              |       |    15 |    15 ||    30
         Ring mail         |       |    59 |    62 ||   121
  Dodge: Dodged            |    49 |    56 |    45 ||   150
  Block: Kite shield       |    28 |    55 |    38 ||   121

Table legend: (Time is in decaauts)
 A = Elapsed time spent in this place.
 B = Non-inter-level travel time spent in this place.
 C = Inter-level travel time spent in this place.
 D = Time resting spent in this place.
 E = Time spent auto-exploring this place.
 F = Levels seen in this place.
 G = Mean time per level.
                   A        B        C        D        E       F      G
               +--------+--------+--------+--------+--------+-----+--------+
         Total |   5620 |   5368 |    252 |    722 |   3409 |   7 |  802.9 |
       Dungeon |   5620 |   5368 |    252 |    722 |   3409 |   7 |  802.9 |
               +--------+--------+--------+--------+--------+-----+--------+

Top non-repeatable levels by time:
     D:4: 1461 daAuts
     D:1: 1265 daAuts
     D:6: 1138 daAuts
     D:3: 731 daAuts
     D:2: 672 daAuts
     D:5: 310 daAuts
     D:7: 42 daAuts
